 Dungeon Crawl Stone Soup version 0.21.0-3-g78d12a8 (webtiles) character file.

4130 oplop the Nimble (level 10, -1/43 HPs)
             Began as a Felid Enchanter on Jan 11, 2018.
             Was a High Priest of Cheibriados.
             Killed by divine providence
             ... invoked by a meliai
              (11 damage)
             ... on level 10 of the Dungeon.
             The game lasted 00:42:13 (11431 turns).

oplop the Nimble (Felid Enchanter)                 Turns: 11431, Time: 00:42:14

Health: -1/43      AC:  3    Str: 18    XL:     10   Next: 6%
Magic:  6/20       EV: 31    Int: 36    God:    Cheibriados [*****.]
Gold:   330        SH:  0    Dex: 33    Spells: 5/22 levels left
                                        Lives:  0   Deaths: 3

rFire    . . .     SeeInvis +     - Unarmed
rCold    . . .     Gourm    .   (shield unavailable)
rNeg     . . .     Faith    .   (armour unavailable)
rPois    .         Spirit   .   (helmet unavailable)
rElec    .         Reflect  .   (cloak unavailable)
rCorr    .         Harm     .   (gloves unavailable)
MR       ++...                  (boots unavailable)
Stlth    ++++++....             (no amulet)
HPRegen  0.14/turn              A - +1 ring of protection
MPRegen  0.17/turn              z - +5 ring of intelligence

@: very slightly contaminated, studying Charms, very slow
A: very small, no armour, no weapons or thrown items, stealth, claws 1, fangs 3,
see invisible, agile 1, blink, carnivore, speed 1, magic resistance 1, shaggy
fur 2, slow metabolism 1, sharp paws
a: Blink, Bend Time, Temporal Distortion, Slouch, Step From Time, Renounce
Religion


You were on level 10 of the Dungeon.
You worshipped Cheibriados.
Cheibriados was extremely pleased with you.
You were very full.

You visited 1 branch of the dungeon, and saw 10 of its levels.

You collected 470 gold pieces.
You spent 140 gold pieces at shops.

Inventory:

Jewellery
 c - an uncursed ring of protection from magic
 d - an uncursed amulet of faith
 l - an uncursed ring of resist corrosion
 n - an uncursed ring of ice
 z - a +5 ring of intelligence (right paw)
 A - a +1 ring of protection (left paw)
Wands
 t - a wand of polymorph (12)
 K - a wand of paralysis (7)
 L - a wand of disintegration (13)
Scrolls
 h - a scroll of amnesia
 j - 5 scrolls of teleportation
 k - 8 scrolls of remove curse
 s - a scroll of magic mapping
 E - 2 scrolls of immolation
Potions
 g - 3 potions of heal wounds
 q - a potion of flight
 r - a potion of brilliance
 u - a potion of cancellation
 w - a potion of ambrosia
 x - 2 potions of resistance
 G - a potion of agility
Books
 a - a book of Maledictions

   Spells                             Type                      Level
   a - Corona                         Hexes                        1
   b - Ensorcelled Hibernation        Hexes/Ice                    2
   c - Confuse                        Hexes                        3
   d - Tukima's Dance                 Hexes                        3
   e - Dazzling Spray                 Conjuration/Hexes            3
 o - a book of Misfortune

   Spells                             Type                      Level
   a - Confusing Touch                Hexes                        1
   b - Confuse                        Hexes                        3
   c - Gell's Gravitas                Translocation                3
   d - Petrify                        Transmutation/Earth          4
   e - Metabolic Englaciation         Hexes/Ice                    5
   f - Yara's Violent Unravelling     Hexes/Transmutation          5
 y - a Young Poisoner's Handbook

   Spells                             Type                      Level
   a - Sting                          Conjuration/Poison           1
   b - Poisonous Vapours              Poison/Air                   2
   c - Mephitic Cloud                 Conjuration/Poison/Air       3
   d - Olgreb's Toxic Radiance        Poison                       4
   e - Venom Bolt                     Conjuration/Poison           5
 C - a book of Cantrips

   Spells                             Type                      Level
   a - Confusing Touch                Hexes                        1
   b - Animate Skeleton               Necromancy                   1
   c - Summon Small Mammal            Summoning                    1
   d - Apportation                    Translocation                1
 F - a book of Changes

   Spells                             Type                      Level
   a - Beastly Appendage              Transmutation                1
   b - Sticks to Snakes               Transmutation                2
   c - Spider Form                    Transmutation/Poison         3
   d - Ice Form                       Ice/Transmutation            4
   e - Blade Hands                    Transmutation                5
 H - a manual of Charms
Comestibles
 b - 24 rations


   Skills:
 + Level 4.9 Fighting
 + Level 10.0 Dodging
 - Level 9.1 Stealth
 - Level 5.0 Unarmed Combat
 + Level 6.6 Spellcasting
 - Level 9.0 Hexes
 - Level 5.6 Transmutations
 + Level 7.9 Invocations


You had 5 spell levels left.
You knew the following spells:

 Your Spells              Type           Power        Failure   Level  Hunger
a - Mephitic Cloud        Conj/Pois/Air  ##......     10%         3    None
b - Blade Hands           Tmut           ######....   9%          5    ####...
c - Confuse               Hex            ######..     1%          3    None
d - Dazzling Spray        Conj/Hex       #####.       1%          3    None
e - Ensorcelled Hibernat  Hex/Ice        #####.       1%          2    None
f - Apportation           Tloc           ##....       3%          1    None


Dungeon Overview and Level Annotations

Branches:
Dungeon (10/15)            Temple (0/1) D:5            Lair (0/6) D:10
    Orc (0/2) D:10

Altars:
Ashenzari
Cheibriados
Fedhas
Hepliaklqana
Kikubaaqudgha
Nemelex Xobeh
Qazlal
Uskayaw
Wu Jian
Xom

Shops:
D:10 !

Annotations:
D:7 Joseph


Innate Abilities, Weirdness & Mutations

You cannot wear armour.
You are incapable of wielding weapons or throwing items.
Your paws allow you to move quietly. (Stealth)
You have sharp claws.
You have razor-sharp teeth.
You have supernaturally acute eyesight. (SInv)
You are carnivorous and can eat meat at any time.
You cover ground quickly.
You are covered in thick fur. (AC +2)
You have a slow metabolism.
Your sharp claws are effective at attacking unaware monsters.
You are agile. (Dex +2)
You can translocate small distances at will.
You are resistant to hostile enchantments. (MR+)


Message History

The killer bee misses you. The killer bee completely misses you.
You are engulfed in noxious fumes.
You choke on the stench!
You are more confused.
The killer bee completely misses you.
The killer bee is engulfed in noxious fumes.
The killer bee appears confused.
The killer bee stings you.
The killer bee is engulfed in noxious fumes.
The killer bee appears confused.
The killer bee stings you.
Your front paws revert to their normal proportions.
The killer bee closely misses itself.
The meliai calls upon its god to heal the killer bee.
The killer bee's wounds heal themselves!
The meliai calls down the wrath of its god upon you.
Something smites you!
* * * LOW HITPOINT WARNING * * *
The killer bee closely misses you. x2
You feel better.
The meliai mumbles some strange prayers to its god against you.
Something smites you!
You die...

#.#.......##.* #....
#.#.......#*,* #....
#.........#*,***#..!.
#.........#*,,,,.....
#(.(......#*,,,,,,,,,
#.........#*,*****,,,
#.........#*,* *,,,
#.....>...#*,* *,,,
#...@.....#*,* *,,,
#...y..)..#*,* *,,,
#.........#*,* *,..
#y.)..)y).#*,* *,..
#...%.....#*,* *,..
#.....##=....* *,..
#y....#*.....# *,..
#.....#*.....#****,..
#.....#*.......,,,,**


You could see a meliai and 3 killer bees.

Vanquished Creatures
  4 two-headed ogres (D:9)
  The ghost of dscm the Magician, a novice OpNe (D:9)
  A gargoyle (D:10)
  Grinder (D:4)
  A wyvern (D:10)
  A hungry ghost (D:9)
  5 yaks (D:9)
  A basilisk (D:10)
  2 water moccasins
  7 ice beasts
  2 phantoms
  3 sky beasts
  A black bear (D:9)
  3 orc warriors
  7 centaurs
  3 ogres
  Blork the orc (D:6)
  5 big kobolds
  3 bullfrogs
  A gnoll sergeant (D:9)
  A wyvern zombie (D:10)
  A wyvern skeleton (D:9)
  3 scorpions
  A water moccasin skeleton (D:10)
  A howler monkey (D:10)
  7 wights
  9 crimson imps
  A quasit (D:8)
  5 hounds
  2 orc priests
  3 jellies (D:9)
  A gnoll shaman (D:4)
  2 orc wizards
  2 iguanas
  6 worker ants
  A hound zombie (D:9)
  A worker ant zombie (D:8)
  8 gnolls
  14 adders
  2 shadow imps
  8 oozes
  2 worms
  2 dart slugs
  The ghost of dscm the Grave Robber, a weakling OpNe (D:3)
  8 leopard geckos
  32 orcs
  3 giant cockroaches (D:8)
  6 goblins
  7 hobgoblins
  12 jackals
  26 kobolds
  4 quokkas
  A ball python skeleton (D:4)
  7 bats
  3 frilled lizards
  A jackal zombie (D:5)
  A leopard gecko skeleton (D:9)
  8 rats
256 creatures vanquished.

Vanquished Creatures (collateral kills)
  A wight (D:7)
1 creature vanquished.

Vanquished Creatures (others)
  A dancing weapon (D:5)
  2 jellies (D:10)
3 creatures vanquished.

Grand Total: 260 creatures vanquished

Notes
Turn   | Place    | Note
-------+----------+-------------------------------------------
     0 | D:1      | oplop the Felid Enchanter began the quest for the Orb.
     0 | D:1      | Reached XP level 1. HP: 7/7 MP: 4/4
   114 | D:1      | Reached XP level 2. HP: 11/11 MP: 6/6
   178 | D:1      | Reached skill level 3 in Dodging
   253 | D:1      | Reached skill level 5 in Hexes
   567 | D:1      | Learned a level 2 spell: Ensorcelled Hibernation
  1258 | D:1      | Reached XP level 3. HP: 14/14 MP: 7/7
  1731 | D:2      | Gained mutation: You are robust. (+10% HP) [potion of mutation]
  1731 | D:2      | Gained mutation: You are agile. (Dex +2) [potion of mutation]
  1731 | D:2      | Gained mutation: You can translocate small distances at will. [potion of mutation]
  1879 | D:2      | Found a stormy altar of Qazlal.
  1984 | D:2      | Reached XP level 4. HP: 12/19 MP: 5/8
  2155 | D:2      | oplop: ??felid stab
  2155 | D:2      | beem: I don't have a page labeled felid_stab in my learndb.
  2155 | D:2      | oplop: ??felid
  2155 | D:2      | beem: felid[1/9]: A cat race that can't use armour, weapons, or throw anything. They gain {extra lives} as they level up. They have claws (lvl 1: +2 dam), fangs, and fur. They cover ground quickly, see invisible, are carnivorous and have slow metabolism. Their claws also act like short blades for stabbing purposes.
  2155 | D:2      | oplop: ??felid[2
  2155 | D:2      | beem: felid[2/9]: NyaaKitty is no longer allowed to play any race but this. Soon to be imposed (with a Dis-imported paw) on all Team Cat members. The punishment is to play a non-Felid.
  2155 | D:2      | oplop: ??felid[3
  2155 | D:2      | beem: felid[3/9]: < elliptic> FR: walk on keyboard ability
  2155 | D:2      | oplop: ??felid[4
  2155 | D:2      | beem: felid[4/9]: http://buttersafe.com/2011/05/19/even-more-robot-cat/
  2155 | D:2      | oplop: ??felid[5
  2155 | D:2      | beem: felid[5/9]: bee: wait bee: are felids just cats
  2155 | D:2      | oplop: ??felid[6
  2155 | D:2      | beem: felid[6/9]: !lm demonblade fewn br.enter=lair 2 -tv:>3:x2
  2155 | D:2      | oplop: ??felid[7
  2155 | D:2      | beem: felid[7/9]: <\Echo> this game wants my felid dead <+Zannick> all games want your felid dead
  2359 | D:3      | Killed from afar by an orc priest
  2360 | D:3      | Reached XP level 3. HP: -7/15 MP: 1/7
  2394 | D:3      | Noticed dscm's ghost (weakling OpNe)
  2422 | D:3      | Found a hazy altar of Hepliaklqana.
  2423 | D:3      | Found a shimmering altar of Xom.
  2423 | D:3      | Noticed a sphinx zombie
  2456 | D:3      | Learned a level 3 spell: Confuse
  2456 | D:3      | Noticed a sphinx zombie
  2456 | D:3      | Noticed a spectral ugly thing
  2850 | D:2      | Lost mutation: You are agile. (Dex +2) [potion of mutation]
  2850 | D:2      | Lost mutation: You are robust. (+10% HP) [potion of mutation]
  2850 | D:2      | Gained mutation: You are agile. (Dex +2) [potion of mutation]
  2850 | D:2      | Gained mutation: You are resistant to hostile enchantments. (MR+) [potion of mutation]
  2976 | D:3      | Reached skill level 5 in Stealth
  2976 | D:3      | Reached XP level 4. HP: 18/18 MP: 4/9
  3414 | D:3      | Killed dscm's ghost
  3462 | D:3      | Found a snail-covered altar of Cheibriados.
  3549 | D:3      | Reached XP level 5. HP: 11/21 MP: 7/10
  3601 | D:3      | Became a worshipper of Cheibriados the Contemplative
  3681 | D:3      | Learned a level 3 spell: Dazzling Spray
  3763 | D:3      | Found a faded altar of an unknown god.
  4184 | D:4      | Found a sparkling altar of Nemelex Xobeh.
  4611 | D:4      | Gained mutation: You are covered in thick fur. (AC +2) [Felid growth]
  4611 | D:4      | Reached XP level 6. HP: 22/24 MP: 8/11
  4733 | D:4      | Reached * piety under Cheibriados
  4940 | D:4      | Learned a level 3 spell: Tukima's Dance
  5065 | D:4      | Noticed Grinder
  5089 | D:4      | Killed Grinder
  5089 | D:4      | Reached XP level 7. HP: 24/27 MP: 8/13
  5172 | D:5      | Entered Level 5 of the Dungeon
  5698 | D:5      | Reached skill level 4 in Dodging
  5751 | D:5      | Reached skill level 1 in Invocations
  6120 | D:5      | Reached XP level 8. HP: 21/31 MP: 10/15
  6429 | D:5      | Reached skill level 5 in Dodging
  6546 | D:5      | Found a staircase to the Ecumenical Temple.
  6728 | D:5      | Found an ornate altar of the Wu Jian Council.
  6811 | D:6      | Reached ** piety under Cheibriados
  7179 | D:6      | Noticed Blork the orc
  7201 | D:6      | Reached skill level 5 in Spellcasting
  7213 | D:6      | Killed Blork the orc
  7369 | D:6      | Reached skill level 6 in Dodging
  7641 | D:6      | Reached skill level 5 in Invocations
  7658 | D:6      | Slain by an ice beast
  7659 | D:6      | Reached XP level 7. HP: 0/27 MP: 2/15
  7738 | D:6      | Reached XP level 8. HP: 31/31 MP: 12/16
  7991 | D:7      | Found an ancient bone altar of Kikubaaqudgha.
  8277 | D:7      | Reached skill level 1 in Fighting
  8482 | D:7      | Reached *** piety under Cheibriados
  8527 | D:7      | Noticed Joseph
  8553 | D:7      | Reached skill level 7 in Dodging
  9154 | D:8      | Reached XP level 9. HP: 37/37 MP: 10/17
  9311 | D:8      | Found a blossoming altar of Fedhas.
  9333 | D:8      | Noticed a dagger
  9334 | D:8      | Noticed a dagger
  9334 | D:8      | Found a hide-covered altar of Uskayaw.
  9442 | D:8      | Reached **** piety under Cheibriados
  9492 | D:8      | Reached skill level 8 in Dodging
  9531 | D:8      | Noticed a cyclops
  9765 | D:8      | Learned a level 3 spell: Mephitic Cloud
  9765 | D:8      | oplop: ??Yara
  9765 | D:8      | beem: yara's violent unravelling[1/2]: A Level 5 Hexes/Transmutations spell that dispels all enchantments (dispellable effects) on the target; if there were any, causes a radius-1 explosion that damages and malmutates everything within. Found in the Books of Hindrance and Enchantments.
  9765 | D:8      | oplop: ??Yara[2
  9765 | D:8      | beem: yara's violent unravelling[2/2]: Dispellable monster effects: agility, black mark, charm, confusion, control winds, corona, deflect missiles, dimensional anchor, fear, frenzy, injury bond, inner flame, might, ozocubu's armor, paralysis, petrif(ied|ying), regeneration, repel missiles, resistance, sap magic, silver corona, swiftness, teleport, toxic radiance.
  9819 | D:9      | Learned a level 5 spell: Blade Hands
  9933 | D:9      | Noticed a two-headed ogre
  9944 | D:9      | Killed a two-headed ogre
  9951 | D:9      | Reached XP level 10. HP: 24/42 MP: 8/19
 10050 | D:9      | Noticed dscm's ghost (novice OpNe)
 10132 | D:9      | Noticed a two-headed ogre
 10135 | D:9      | Noticed a two-headed ogre
 10178 | D:9      | Killed a two-headed ogre
 10178 | D:9      | Reached skill level 9 in Dodging
 10215 | D:9      | Learned a level 2 spell: Ensorcelled Hibernation
 10291 | D:9      | Killed a two-headed ogre
 10291 | D:9      | Reached ***** piety under Cheibriados
 10458 | D:9      | Reached skill level 5 in Unarmed Combat
 10511 | D:9      | Found a shattered altar of Ashenzari.
 10558 | D:9      | Killed dscm's ghost
 10558 | D:9      | Reached skill level 5 in Transmutations
 10831 | D:9      | Noticed a two-headed ogre
 10845 | D:9      | Killed a two-headed ogre
 11075 | D:9      | Learned a level 1 spell: Apportation
 11080 | D:10     | Entered Level 10 of the Dungeon
 11080 | D:10     | Found Datz's Distillery.
 11085 | D:10     | Bought 2 potions of heal wounds for 140 gold pieces
 11198 | D:10     | Found a staircase to the Orcish Mines.
 11200 | D:10     | Noticed a gargoyle
 11247 | D:10     | Killed a gargoyle
 11247 | D:10     | Reached skill level 10 in Dodging
 11247 | D:10     | Reached XP level 11. HP: 41/46 MP: 12/21
 11316 | D:10     | oplop: ??meliai
 11316 | D:10     | beem: meliai[1/1]: Bee priestesses that come in trios in late D (and beehive vaults, including some very large ones in Lair:5- and D:13-), with one-handed axes, Smiting, and Heal Other. Kind of scary, especially when a queen bee berserks them.
 11326 | D:10     | Slain by a meliai
 11327 | D:10     | Reached XP level 10. HP: 0/43 MP: 6/20
 11431 | D:10     | Killed from afar by a meliai

Skill      XL: |  1  2  3  4  5  6  7  8  9 10 |
---------------+-------------------------------+-----
Dodging        | 3 4 7 8 10 | 10.0
Hexes          | 5 6 7 9 |  9.0
Stealth        | 5 6 8 9 |  9.1
Spellcasting   | 3 4 5 6 |  6.6
Unarmed Combat | 4 3 5 |  5.0
Invocations    | 2 6 7 |  7.9
Fighting       | 2 3 4 |  4.9
Transmutations | 2 5 |  5.6

Action                   |  1- 3 |  4- 6 |  7- 9 | 10-12 || total
-------------------------+-------+-------+-------+-------++-------
Melee: Unarmed           |   147 |   146 |   342 |   142 ||   777
       Punch             |     1 |     1 |     8 |     8 ||    18
       Bite              |     5 |    16 |    53 |    34 ||   108
 Cast: Corona            |     8 |       |     1 |       ||     9
       Ensorcelled Hiber |    25 |    25 |    48 |     5 ||   103
       Confuse           |     2 |    10 |    51 |    24 ||    87
       Dazzling Spray    |       |     2 |    11 |     2 ||    15
       Tukima's Dance    |       |       |     7 |       ||     7
       Mephitic Cloud    |       |       |     1 |     9 ||    10
       Blade Hands       |       |       |       |     6 ||     6
Invok: Bend Time         |       |       |     1 |       ||     1
  Use: Potion            |     6 |       |     3 |     1 ||    10
       Scroll            |       |       |    10 |    10 ||    20
 Stab: Sleeping          |    19 |    24 |    44 |     3 ||    90
       Distracted        |     1 |       |     1 |     1 ||     3
       Confused          |       |     4 |    34 |    17 ||    55
       Invisible         |       |       |     2 |     1 ||     3
  Eat: Chunk             |    12 |    12 |    11 |     8 ||    43
Armor: Skin              |    11 |     5 |    13 |     4 ||    33
Dodge: Dodged            |   154 |   110 |   293 |   175 ||   732
